 Dungeon Crawl Stone Soup version 0.29-a0-341-g24ffce5b50 (webtiles) character file.

Game seed: 6652198814479960898

62 spaghetti the Sneak (level 3, 31/33 HPs)
             Began as a Deep Dwarf Delver on Apr 20, 2022.
             Quit the game on level 5 of the Dungeon.
             The game lasted 00:00:29 (44 turns).

spaghetti the Sneak (Deep Dwarf Delver)               Turns: 44, Time: 00:00:30

Health: 31/33      AC:  3    Str: 15    XL:     3   Next: 85%
Magic:  2/2        EV: 12    Int: 12    God:
Gold:   0          SH:  0    Dex: 14    Spells: 2/2 levels left

rFire   . . .      SeeInvis .   a - +0 short sword {short}
rCold   . . .      Faith    .   (no shield)
rNeg    . . .      Spirit   .   b - +0 leather armour
rPois   .          Reflect  .   (no helmet)
rElec   .          Harm     .   (no cloak)
rCorr   .          Rampage  .   (no gloves)
Will    .....                   (no boots)
Stlth   +++.......              (no amulet)
HPRegen 0.00/turn               (no ring)
MPRegen 0.08/turn               (no ring)

@: hasted, very quick
A: damage resistance, heal wounds, sense surroundings 1, no regeneration
a: Heal Wounds


You were on level 5 of the Dungeon.
You visited 1 branch of the dungeon, and saw 2 of its levels.


Innate Abilities, Weirdness & Mutations

You are resistant to damage.
You can heal yourself by infusing magical energy.
You passively map a small area around you.
You do not regenerate.


   Skills:
 - Level 2.6 Fighting
 - Level 1.7 Short Blades
 - Level 2.1 Dodging
 + Level 7.9 Stealth


You had 2 spell levels left.
You didn't know any spells.
Your spell library was empty.

Inventory:

Hand Weapons
 a - a +0 short sword (weapon) {short}
Armour
 b - a +0 leather armour (worn)
Wands
 g - a wand of digging (3)
Scrolls
 c - a scroll of fog
 d - a scroll of magic mapping {!r}
 e - a scroll of fear

Dungeon Overview and Level Annotations

Branches:
Dungeon (6/15)
 Temple: D:4-7

Altars:

* * , * * # *
##+#######
...##...##...##
♣.l..♣.+.@♣.>#
* , #l..##..†##
* *##+#######,
* *#s * * * **
.. #.♣ * *,* *
#. * * ##> * *


There were no monsters in sight!


Message History

🤖 Initializing magus.rc ...
Options error: Delay interrupt name "hungry" not recognised. (~/.crawlrc:4761) Options error: Bad monster_list_colour key: strict_neutral (~/.crawlrc:4776) ✅ Successfully initialized magus.rc [v1.9.6] Welcome, spaghetti the Deep Dwarf Delver.
They say the Orb of Zot lies within this dungeon, but they say a lot of things.
Press ? for a list of commands and other information.
Found a stone staircase leading down.
You climb downwards.
Found 10 gold pieces.
Found a stone staircase leading down.
There is a stone staircase leading up here.
The helpless ufetubus fails to defend itself.
You puncture the ufetubus!
You kill the ufetubus!
The necrophage hits you.
You closely miss the necrophage. The necrophage hits you. 😕 HP[-2]
You take 2 damage, and now have 18/20 hp.
You hit the necrophage but do no damage.
The necrophage hits you but does no damage.
The necrophage attacks as you move away!
The necrophage hits you.
You feel drained.
A hound comes into view. 😮 HP[-5]
You now have 19 max hp (-1).
You take 5 damage, and now have 13/19 hp.
MASSIVE DAMAGE!! (PAUSE)
There is a stone staircase leading up here.
The necrophage closely misses you.
You climb upwards.
There is a stone staircase leading down here.
Unknown command.
Unknown command.
You feel yourself speed up. The necrophage closely misses you.
You barely miss the necrophage. You hit the necrophage.
The necrophage hits you but does no damage.
You hit the necrophage. The necrophage hits you.
You feel drained. 😮 HP[-1]
You now have 18 max hp (-1).
You hit the necrophage. You closely miss the necrophage.
The necrophage hits you.
* * * LOW HITPOINT WARNING * * *
You hit the necrophage.
The necrophage barely misses you. 😨 HP[-4]
You take 4 damage, and now have 8/18 hp.
MASSIVE DAMAGE!! (PAUSE)
You hit the necrophage but do no damage.
You closely miss the necrophage. The necrophage closely misses you.
You hit the necrophage. The necrophage hits you.
* * * LOW HITPOINT WARNING * * *
You feel drained. 😱 HP[-4]
You now have 17 max hp (-1).
You take 4 damage, and now have 4/17 hp.
MASSIVE DAMAGE!! (PAUSE) Unknown command.
Unknown command.
You hit the necrophage. You barely miss the necrophage.
The necrophage barely misses you.
You hit the necrophage.
You destroy the necrophage!
Your life force feels restored.
Your Stealth skill increases to level 7!
You have reached level 2!
You have reached level 3!
Your experience leads to an increase in your attributes!
Increase (S)trength, (I)ntelligence, or (D)exterity?
You feel clever. x2 😱 HP[+2] MP[+2]
You now have 33 max hp (+16).
You regained 2 hp, and now have 6/33 hp.
Your mp is fully restored (3).
You see here a necrophage corpse.
You open the door.
There is an open door here.
As you open the door, it creaks loudly!
A scorpion comes into view.
You hear an angry hiss.
An iguana comes into view.
There are monsters nearby!
There are monsters nearby!
There are monsters nearby!
Which direction?
You close the door.
There is an open door here.
As you close the door, it creaks loudly!
You aren't carrying any potions.
Your magical essence is drained by the effort!
You feel much better. 😕 HP[+25] MP[-1]
You regained 25 hp, and now have 31/33 hp.
Are you sure you want to abandon this character and quit the game? (Confirm with "yes".)

Skill      XL: |  1 |
---------------+----+-----
Stealth        | 7 |  7.9
Fighting       | |  2.6
Short Blades   | |  1.7
Dodging        | |  2.1

Action                   || total
-------------------------++-------
Melee: Short sword       ||    15
 Abil: Heal Wounds       ||     1
  Use: Potion            ||     1
 Stab: Sleeping          ||     1
Armor: Leather armour    ||     2
Dodge: Dodged            ||     5

Levels and vault maps discovered:
D:5:      layout_loops_corners, gammafunk_ghost_necromancy, serial_undead,
          serial_undead_b, serial_undead_c, serial_undead_d, serial_undead_b,
          grunt_ministairs_5, uniq_grinder, uniq_sigmund, uniq_duvessa
D:6:      layout_loops_ring, nicolae_overflow_crystal_walls,
          gammafunk_temple_overflow_claw, solitary_fountain

Notes
Turn   | Place    | Note
-------+----------+-------------------------------------------
     0 | D:5      | spaghetti the Deep Dwarf Delver began the quest for the
                  | Orb.
     0 | D:5      | Reached XP level 1. HP: 20/20 MP: 1/1
     0 | D:5      | magus.rc [v1.9.6]
     1 | D:6      | Noticed a necrophage
    11 | D:6      | Noticed a hound
    24 | D:5      | HP: 4/18 [necrophage (4)]
    27 | D:5      | Killed a necrophage
    28 | D:5      | Reached skill level 7 in Stealth
    28 | D:5      | Reached XP level 2. HP: 5/27 MP: 2/2
    28 | D:5      | Reached XP level 3. HP: 6/33 MP: 3/3
    37 | D:5      | Noticed a scorpion
    44 | D:5      | Quit the game

Vanquished Creatures
  A necrophage (D:5)
  An ufetubus (D:6)
2 creatures vanquished.

Table legend:
 A = Non-vault XP
 B = Vault XP
 C = Vault XP percentage of total XP
 D = Non-vault monster count
 E = Vault monster count
 F = Vault count percentage of total count
                 A         B        C        D         E       F
            +---------+---------+-------+---------+---------+-------
      Total |      89 |       0 |   0.0 |       2 |       0 |   0.0
            +---------+---------+-------+---------+---------+-------
        D:5 |      81 |       0 |   0.0 |       1 |       0 |   0.0
        D:6 |       8 |       0 |   0.0 |       1 |       0 |   0.0
            +---------+---------+-------+---------+---------+-------

Illustrated notes

Table legend:
 A = Kills in this place as a percentage of kills in entire the game.
 B = Kills by you in this place as a percentage of kills by you in the entire game.
 C = Kills by friends in this place as a percentage of kills by friends in the entire game.
 D = Other kills in this place as a percentage of other kills in the entire game.
 E = Experience gained in this place as a percentage of experience gained in the entire game.
 F = Experience gained in this place divided by the number of levels of this place that you have seen.
                   A       B       C       D       E      F
               +-------+-------+-------+-------+-------+----------------------
         Total | 100.0 | 100.0 |   N/A |   N/A | 100.0 |  44.5
       Dungeon | 100.0 | 100.0 |   N/A |   N/A | 100.0 |  44.5
               +-------+-------+-------+-------+-------+----------------------

Table legend: (Time is in decaauts)
 A = Elapsed time spent in this place.
 B = Non-inter-level travel time spent in this place.
 C = Inter-level travel time spent in this place.
 D = Time resting spent in this place.
 E = Time spent auto-exploring this place.
 F = Levels seen in this place.
 G = Mean time per level.
                   A        B        C        D        E       F      G
               +--------+--------+--------+--------+--------+-----+--------+
         Total |     35 |     35 |      0 |      0 |      5 |   2 |   17.5 |
       Dungeon |     35 |     35 |      0 |      0 |      5 |   2 |   17.5 |
               +--------+--------+--------+--------+--------+-----+--------+

Top non-repeatable levels by time:
     D:5: 22 daAuts
     D:6: 12 daAuts
